 Dungeon Crawl Stone Soup version 0.19-a0-1889-g9c603be (webtiles) character file.

152 Goblin1989 the Sneak (level 5, -2/33 HPs)
             Began as a Kobold Assassin on Oct 17, 2016.
             Slain by an orc
             ... wielding a +0 club
              (4 damage)
             ... on level 3 of the Dungeon.
             The game lasted 00:10:22 (2677 turns).

Goblin1989 the Sneak (Kobold Assassin)              Turns: 2677, Time: 00:10:22

Health: -2/33      AC:  3    Str:  9    XL:     5   Next: 60%
Magic:  5/5        EV: 16    Int: 12    God:
Gold:   61         SH:  0    Dex: 17    Spells: 0 memorised, 4 levels left

rFire  . . .     SeeInvis .     j - -1 short sword (curse)
rCold  . . .     Gourm    .     c - +0 robe
rNeg   . . .     Faith    .     (shield restricted)
rPois  .         Spirit   .     (no helmet)
rElec  .         Reflect  .     d - +0 cloak
rCorr  +         Harm     .     (no gloves)
MR     .....                    (no boots)
Stlth  +++.......               (no amulet)
                                (no ring)
                                g - ring of resist corrosion

@: very slightly contaminated, hasted, very quick
A: carnivore 3
a: no special abilities


You were on level 3 of the Dungeon.
You were completely stuffed.

You visited 1 branch of the dungeon, and saw 3 of its levels.

You collected 61 gold pieces.

Inventory:

Hand Weapons
 a - a +2 dagger
 j - a cursed -1 short sword (weapon)
 w - a +0 blowgun {@w1}
Missiles
 l - 6 needles of confusion
Armour
 c - a +0 robe (worn)
 d - a +0 cloak (worn)
Jewellery
 g - a ring of resist corrosion (left hand)
 p - a +5 ring of intelligence {unknown}
Scrolls
 h - 2 scrolls of enchant armour {unknown}
 i - 4 scrolls of identify {unknown}
 m - 2 scrolls of recharging {unknown}
 o - a scroll of remove curse {unknown}
Potions
 n - a potion of haste {!q, @q3}
Comestibles
 b - 3 meat rations {@e2}


   Skills:
 + Level 3.9 Fighting
 * Level 4.9 Short Blades
 - Level 2.1 Throwing
 + Level 3.0 Dodging
 - Level 5.3 Stealth


You had 4 spell levels left.
You didn't know any spells.

Dungeon Overview and Level Annotations

Branches:
Dungeon (3/15)

Altars:


Innate Abilities, Weirdness & Mutations

You are small and have problems with some larger weapons.
You are carnivorous and can eat meat at any time.


Message History

The orc priest is almost dead.
The orc priest invokes the aid of Beogh against you.
Beogh smites you!
* * * LOW HITPOINT WARNING * * *
You take 11 damage, and have 2/33 hp.
MASSIVE DAMAGE!!
Unknown command.
You hit the orc priest.
You kill the orc priest!
Your Dodging skill increases to level 3!
The orc wizard hits the orc with a dagger.
The orc seems less confused.
Items here: (( )) a short sword; a curare-tipped needle; a hand axe; 4 poisoned needles Unknown command.
You hit the orc but do no damage.
The orc is heavily wounded.
You hit the orc but do no damage.
The orc is heavily wounded.
The orc wizard seems less confused.
The orc hits you with a club.
You die... ███ ... . ███████

████.█ ..
█.....████████..o.█.██.█
∆.....▲.....(...oo.....
█.....█.██████(████.███..
█.....█.█ █oo@........
█.....█.█ ██████.█.███
█.....█.███████ ..
............... .█
███████.███████ █ █.█ █.█
█.█ █.█


You could see an orc wizard and an orc.

Vanquished Creatures
  An orc priest (D:3)
  A gnoll (D:1)
  3 adders (D:3)
  An ooze (D:1)
  3 worms (D:2)
  3 dart slugs
  3 leopard geckos
  An orc (D:3)
  5 bats
  4 giant cockroaches
  8 goblins
  10 hobgoblins
  3 jackals (D:1)
  4 kobolds
  A quokka (D:2)
  2 frilled lizards (D:1)
  9 rats
62 creatures vanquished.

Notes
Turn   | Place    | Note
-------+----------+-------------------------------------------
     0 | D:1      | Goblin1989 the Kobold Assassin began the quest for the Orb.
     0 | D:1      | Reached XP level 1. HP: 12/12 MP: 1/1
    40 | D:1      | Reached XP level 2. HP: 18/18 MP: 2/2
   221 | D:1      | Reached XP level 3. HP: 22/22 MP: 3/3
   657 | D:1      | HP: 1/23 [hobgoblin/club (6)]
  1084 | D:1      | Reached XP level 4. HP: 18/28 MP: 4/4
  2606 | D:3      | Reached XP level 5. HP: 32/32 MP: 5/5
  2677 | D:3      | Slain by an orc

Vault maps used:
D:1:      saegor_arrival_simple_c, minmay_misc_feat_alley
D:2:      first_bread

Skill      XL: |  1  2  3  4  5 |
---------------+----------------+-----
Short Blades   | 3 4 |  4.9
Fighting       | 3 |  3.9
Dodging        | 2 3 |  3.0
Throwing       | |  2.1
Stealth        | |  5.3

Action                   |  1- 3 |  4- 6 || total
-------------------------+-------+-------++-------
Melee: Dagger            |   123 |    94 ||   217
       Short sword       |       |     6 ||     6
 Fire: Blowgun           |     2 |    17 ||    19
  Use: Potion            |       |     3 ||     3
 Stab: Sleeping          |     8 |     8 ||    16
       Distracted        |       |     1 ||     1
  Eat: Chunk             |     9 |     5 ||    14
Armor: Robe              |    20 |    21 ||    41
Dodge: Dodged            |    92 |    50 ||   142

Vault maps used:
D:1:      saegor_arrival_simple_c, minmay_misc_feat_alley
D:2:      first_bread
